AoeStats
← Vilo41

Arena

510535628Analyzed
1v1 RM · 17h ago on Oct 1, 2026· 68m 15s· 2 players
Game mode
Random Map
Map size
Tiny (2 player)
Population
200
Speed
Normal
Resources
Standard
Victory
Conquest
Starting age
Dark Age
Ending age
Imperial Age
RankedLock teamsTeams togetherTeam positionsShared explorationLock speedFull tech treeHidden civsTurbo modeCheats
Victory
Defeat
🇻🇪 Franks · Venezuela
438
+16
🇮🇳 Dravidians · India
438
-16
amazingkabali
7:51 Loom
10:20 Feudal Age
11:57 Wheelbarrow
11:04 Horse Collar
11:12 Double-Bit Axe
14:16 Town Watch
16:43 Gold Mining
20:36 Man-at-Arms
21:03 Arson
23:45 Castle Age
23:43 Forging
23:23 Fletching
23:34 Scale Mail Armor
23:34 Padded Archer Armor
24:37 Heavy Plow
24:51 Bow Saw
24:52 Bodkin Arrow
25:33 Iron Casting
24:25 Long Swordsman
24:30 Pikeman
24:55 Gambesons
25:11 Squires
24:35 Crossbowman
25:52 Hand Cart
25:35 Bodkin Arrow
26:16 Iron Casting
27:21 Stone Mining
33:00 Imperial Age
34:39 Two-Handed Swordsman
35:28 Thumb Ring
42:13 Elite Skirmisher
44:18 Chemistry
43:38 Ballistics
43:30 Fortified Wall
43:16 Murder Holes
43:31 Halberdier
47:43 Masonry
50:00 Bracer
Vilo41
10:57 Feudal Age
12:30 Double-Bit Axe
19:18 Castle Age
18:04 Scale Mail Armor
18:50 Fletching
20:19 Pikeman
22:01 Bodkin Arrow
24:43 Wheelbarrow
24:42 Gold Mining
24:46 Stone Mining
26:13 Forging
27:28 Murder Holes
29:11 Bow Saw
32:57 Imperial Age
30:07 Man-at-Arms
31:24 Ballistics
31:09 Padded Archer Armor
32:26 Squires
31:51 Crossbowman
33:16 Town Watch
33:28 Guard Tower
35:54 Forging
40:40 Cavalier
42:32 Ordonnance Companies
44:27 Leather Archer Armor
44:27 Masonry
45:28 Husbandry
47:04 Capped Ram
52:40 Light Cavalry
57:30 Hoardings
56:23 Heavy Scorpion
58:33 Hand Cart
60:34 Heavy Mounted Crossbowman
65:51 Iron Casting
66:37 Chemistry
66:19 Arrowslits
Connection lost

Rejoining the realm…

Still unreachable

The connection could not be restored.

Session expired

The server has moved on; the page needs a fresh start.